 Dungeon Crawl Stone Soup version 0.23-a0-416-g33f1def (webtiles) character file.

106 Jawreze the Chucker (level 4, 0/48 HPs)
             Began as an Ogre Hunter on Nov 9, 2018.
             Slain by an orc wizard
             ... wielding a +0 dagger
              (2 damage)
             ... on level 3 of the Dungeon.
             The game lasted 00:05:35 (2895 turns).

Jawreze the Chucker (Ogre Hunter)                   Turns: 2895, Time: 00:05:36

Health: 0/48       AC:  3    Str: 16    XL:     4   Next: 84%
Magic:  4/4        EV: 10    Int: 13    God:
Gold:   77         SH:  0    Dex:  9    Spells: 3/3 levels left

rFire    . . .     SeeInvis .   e - +0 whip
rCold    . . .     Gourm    .   (no shield)
rNeg     . . .     Faith    .   b - +0 robe
rPois    .         Spirit   .   (helmet restricted)
rElec    .         Reflect  .   (no cloak)
rCorr    .         Harm     .   (gloves unavailable)
MR       .....                  (boots unavailable)
Stlth    +.........             (no amulet)
HPRegen  0.16/turn              (no ring)
MPRegen  0.09/turn              (no ring)

@: no status effects
A: large, unfitting armour, tough skin 1
a: no special abilities


You were on level 3 of the Dungeon.
You were hungry.

You visited 1 branch of the dungeon, and saw 3 of its levels.

You collected 77 gold pieces.

Inventory:

Hand Weapons
 a - a +0 short sword
 e - a +0 whip (weapon)
Armour
 b - a +0 robe (worn)
Scrolls
 h - 2 scrolls of remove curse {unknown}
 l - a scroll of amnesia {unknown}
 m - 3 scrolls of identify {unknown}
 n - a scroll of noise {unknown}
Potions
 g - a potion of degeneration {unknown}
 i - a potion of curing {unknown}
 j - 2 potions of heal wounds {unknown}
 k - a potion of berserk rage {unknown}
Comestibles
 c - a chunk of flesh
 f - 3 rations


   Skills:
 + Level 3.8 Fighting
 * Level 1.8 Maces & Flails
 + Level 4.6 Throwing
 + Level 2.5 Dodging
 - Level 0.6 Stealth


You had 3 spell levels left.
You didn't know any spells.
Your spell library was empty.

Dungeon Overview and Level Annotations

Branches:
Dungeon (3/15)

Altars:
Gozag
Hepliaklqana
Zin

Shops:
D:2 *


Innate Abilities, Weirdness & Mutations

You are too large for most types of armour.
You have tough skin. (AC +1)


Message History

You closely miss the orc wizard.
The orc wizard is heavily wounded.
The orc wizard hits you with a +0 dagger.
* * * LOW HITPOINT WARNING * * *
You closely miss the orc wizard.
The orc wizard is heavily wounded.
The orc wizard misses you.
The orc wizard gestures at you while chanting.
The magic dart hits you!
* * * LOW HITPOINT WARNING * * *
You hit the orc wizard but do no damage.
The orc wizard is heavily wounded.
The orc wizard hits you with a +0 dagger.
* * * LOW HITPOINT WARNING * * *
You miss the orc wizard.
The orc wizard is heavily wounded.
The orc wizard hits you with a +0 dagger.
* * * LOW HITPOINT WARNING * * *
The orc wizard hits you with a +0 dagger.
You die...

#########
#..(....#
#####.......#
............# ## .
#...o....# ####.
#...##(..@)<..#
#....
#......######
#####.###
####.#)##
###.o...# #.#..##
##...#####
..##.o####..###
.#####....o.##
.......#.....#
#..####...###.....
.. ###.# ######


You could see an orc wizard.

Vanquished Creatures
  An orc priest (D:2)
  2 adders (D:2)
  An ooze (D:1)
  A worm (D:2)
  3 dart slugs
  2 leopard geckos
  2 orcs
  2 giant cockroaches
  2 goblins
  7 hobgoblins
  9 bats
  3 frilled lizards
  5 kobolds
  5 rats
45 creatures vanquished.

Notes
Turn   | Place    | Note
-------+----------+-------------------------------------------
     0 | D:1      | Jawreze the Ogre Hunter began the quest for the Orb.
     0 | D:1      | Reached XP level 1. HP: 22/22 MP: 1/1
   167 | D:1      | Reached XP level 2. HP: 29/29 MP: 2/2
   698 | D:1      | Reached XP level 3. HP: 25/37 MP: 3/3
  1270 | D:2      | Reached skill level 1 in Maces & Flails
  1786 | D:2      | Reached XP level 4. HP: 44/45 MP: 4/4
  2048 | D:2      | Found Zin's Purification Station.
  2050 | D:2      | Found a glowing silver altar of Zin.
  2128 | D:2      | Found a hazy altar of Hepliaklqana.
  2128 | D:2      | Found an opulent altar of Gozag.
  2895 | D:3      | HP: 2/48 [orc wizard/+0 dagger (6)]
  2895 | D:3      | Slain by an orc wizard

Vault maps used:
D:1:      dpeg_arrival_yet_another_circle, minmay_vboxes
D:2:      gammafunk_temple_overflow_wave, zin_purify, serial_rivers,
          chequers_serial_rivers_micro_d, chequers_serial_rivers_micro_e,
          chequers_serial_rivers_room_a, chequers_serial_rivers_room_b,
          chequers_serial_rivers_small_b, chequers_serial_rivers_micro_b
D:3:      nicolae_overflow_hidden_temple, first_ration, minmay_cut_off,
          uniq_jessica

Skill      XL: |  1  2  3 |
---------------+----------+-----
Dodging        | 2 |  2.5
Fighting       | 3 |  3.8
Maces & Flails | 1 |  1.8
Throwing       | |  4.6
Stealth        | |  0.6

Action                   |  1- 3 |  4- 6 || total
-------------------------+-------+-------++-------
Melee: Short sword       |    15 |       ||    15
       Whip              |   129 |    67 ||   196
Throw: Large rock        |    13 |     5 ||    18
       Throwing net      |     2 |     2 ||     4
 Stab: Sleeping          |     1 |       ||     1
  Eat: Chunk             |     3 |     3 ||     6
Armor: Robe              |    49 |    25 ||    74
Dodge: Dodged            |   103 |    21 ||   124

Table legend:
 A = Non-vault XP
 B = Vault XP
 C = Vault XP percentage of total XP
 D = Non-vault monster count
 E = Vault monster count
 F = Vault count percentage of total count
                 A         B        C        D         E       F
            +---------+---------+-------+---------+---------+-------
      Total |     138 |      14 |   9.2 |      41 |       4 |   8.9
            +---------+---------+-------+---------+---------+-------
        D:1 |      27 |      14 |  34.1 |      15 |       4 |  21.1
        D:2 |     102 |       0 |   0.0 |      22 |       0 |   0.0
        D:3 |       9 |       0 |   0.0 |       4 |       0 |   0.0
            +---------+---------+-------+---------+---------+-------
